Map: [ESL] Ghost River

Players

Spirit

  • Race: Terran Terran
  • Spawn Location: 11:00

GunGFuBanDa - Winner!

  • Race: Protoss Protoss
  • Spawn Location: 1:00

Event: ESL SC2 Masters 2024 Spring (Regional)

VOD

Have the link to the VOD?

Description

Time

  • Played on: April 26, 2024, 11:17 a.m.
  • Length: 5:29

All games in this series

Show
View Real Time Build Order
Export as new Build Order

Spirit Terran 

Build Orders: Cyclone Opening, Reaper Expand 

Get SALT Encoding   

  12  0:00  SCV  
  13  0:12  SCV  
  14  0:17  Supply Depot  
  14  0:24  SCV  
  15  0:38  SCV  
  15  0:41  Barracks  
  16  0:44  Refinery  
  16  0:50  SCV  
  17  1:02  SCV  
  18  1:14  SCV  
  19  1:28  Orbital Command  
  19  1:29  Reaper  
  20  1:48  Command Center  
  20  1:53  Supply Depot  
  20  1:55  SCV  
  20  2:00  Marine  
  22  2:08  SCV  
  22  2:10  Factory  
  23  2:16  Refinery  
  23  2:20  SCV  
  24  2:23  Barracks Reactor  
  24  2:30  Bunker  
  24  2:33  SCV  
  24  2:45  SCV  
  23  2:53  Cyclone  
  23  2:57  SCV  
  26  2:59  Marine  
  26  3:01  Supply Depot  
  26  3:04  Marine  
  28  3:07  Starport  
  28  3:09  SCV  
  29  3:21  SCV  
  29  3:23  Marine  
  29  3:26  Cyclone  
  33  3:33  SCV  
  33  3:46  Orbital Command  
  32  3:48  Starport Tech Lab  
  32  3:49  SCV  
  32  3:54  Barracks Reactor  
  32  3:58  Factory Tech Lab  
  32  4:01  SCV  
  32  4:02  Barracks  
  33  4:07  Raven  
  35  4:12  SCV  
  35  4:13  SCV  
  37  4:18  Supply Depot  
  37  4:21  Barracks  
  37  4:24  SCV, Siege Tank  
  37  4:25  SCV  
  42  4:31  Engineering Bay  
  42  4:36  SCV, Refinery  
  43  4:38  Supply Depot  
  43  4:39  SCV  
  43  4:40  Marine  
  43  4:44  Marine  
  46  4:48  SCV  
  46  4:51  Refinery  
  47  4:54  SCV, Supply Depot  
  51  5:00  SCV  
  51  5:06  SCV  
  53  5:08  Marine  
  53  5:12  SCV  
Show
View Real Time Build Order
Export as new Build Order

GunGFuBanDa Protoss - Winner!

Build Orders: 1 Gate Expand, Blink Stalkers 

Get SALT Encoding   

  12  0:00  Probe  
  13  0:12  Probe  
  14  0:16  Pylon  
  14  0:24  Probe (Chrono Boost)  
  15  0:36  Probe (Chrono Boost)  
  15  0:37  Gateway  
  16  0:44  Probe (Chrono Boost)  
  16  0:46  Assimilator  
  17  0:51  Probe  
  18  1:03  Probe  
  19  1:15  Probe  
  20  1:24  Cybernetics Core  
  20  1:33  Nexus  
  20  1:38  Zealot (Chrono Boost)  
  22  1:44  Pylon  
  22  1:55  Probe  
  23  2:02  Adept (Chrono Boost)  
  23  2:03  Shield Battery  
  23  2:04  Warp Gate  
  25  2:12  Probe  
  25  2:13  Assimilator  
  26  2:22  Adept (Chrono Boost)  
  26  2:24  Probe  
  29  2:36  Probe  
  30  2:48  Stalker, Probe  
  33  2:52  Probe  
  33  2:56  Gateway  
  33  2:58  Twilight Council  
  34  3:02  Probe (Chrono Boost)  
  34  3:07  Probe (Chrono Boost)  
  36  3:17  Probe (Chrono Boost)  
  36  3:18  Stalker, Probe (Chrono Boost)  
  39  3:24  Probe  
  40  3:29  Blink (Chrono Boost), Probe  
  41  3:36  Pylon, Probe  
  42  3:47  Probe  
  41  3:49  Probe  
  42  3:57  Gateway  
  42  3:59  Probe  
  42  4:00  Stalker  
  42  4:01  Stalker  
  47  4:03  Probe  
  48  4:10  Pylon  
  48  4:16  Probe  
  49  4:21  Probe  
  50  4:26  Stalker x2  
  54  4:34  Probe x2  
  54  4:36  Assimilator  
  56  4:46  Pylon  
  56  4:49  Stalker  
  56  4:50  Stalker  
  62  4:53  Stalker  
  62  4:59  Pylon  
  62  5:02  Pylon  
  62  5:04  Probe  
  63  5:19  Stalker x3  
  65  5:23  Nexus  
Tags
 
Add a new tag
Caveats
  • Supply blocks, unpowered buildings, or Contaminate may cause inaccurate times.
  • Supply counts are checked every 10 seconds.